 Dungeon Crawl Stone Soup version 0.17-a0-1636-g3119f2b (webtiles) character file.

1383 MikeDS the Grasshopper (level 8, -3/67 HPs)
             Began as a Black Draconian Warper on Aug 5, 2015.
             Was a Believer of Qazlal.
             Slain by Duvessa
             ... wielding a +0 short sword
              (13 damage)
             ... on level 5 of the Dungeon.
             The game lasted 01:01:02 (5529 turns).

MikeDS the Grasshopper (Black Draconian Warper)     Turns: 5529, Time: 01:01:03

Health: -3/67      AC:  6    Str: 16    XL:     8   Next: 40%
Magic:  6/14       EV: 13    Int: 14    God:    Qazlal [**....]
Gold:   249        SH:  2    Dex: 12    Spells: 3 memorised, 8 levels left

rFire  . . .     SeeInvis .     F - +7 trident "Kaesam" {flame, Str+2}
rCold  . . .     Clarity  .     (armour unavailable)
rNeg   . . .     SustAt   .     (no shield)
rPois  .         Gourm    .     (helmet restricted)
rElec  +         Spirit   .     (no cloak)
rCorr  .         Warding  .     (no gloves)
rMut   .         Stasis   .     (no boots)
MR     .....                    B - amulet of regeneration
Stlth  ++........               o - ring of wizardry
                                (no ring)

@: not resistant to hostile enchantments, unstealthy
A: breathe lightning, unfitting armour, electricity resistance, cold-blooded, AC
+6
a: Breathe Lightning, Upheaval, Renounce Religion


You were on level 5 of the Dungeon.
You worshipped Qazlal.
Qazlal was pleased with you.
You were not hungry.

You visited 2 branches of the dungeon, and saw 7 of its levels.

You collected 249 gold pieces.

Inventory:

Hand weapons
 a - a +0 falchion
 n - a +2 short sword of speed
 F - the +7 trident "Kaesam" (weapon) {flame, Str+2}
   (You found it on level 5 of the Dungeon)

   It has been specially enchanted to burn those struck by it, causing extra
   injury to most foes and up to half again as much damage against particularly
   susceptible opponents.
   It affects your strength (+2).
Missiles
 d - 4 tomahawks of dispersal (quivered)
Armour
 h - the -2 hat "Lueni" {rElec SInv}
   (You found it on level 6 of the Dungeon)

   It insulates you from electricity.
   It lets you see invisible.
Jewellery
 m - an uncursed ring of positive energy
 o - a ring of wizardry (right hand)
 B - an amulet of regeneration (around neck)
Magical devices
 q - a wand of disintegration (14)
 y - a wand of polymorph (7)
 D - a wand of draining (5)
Scrolls
 c - 4 scrolls of blinking
 g - 3 scrolls of remove curse
 l - 2 scrolls of amnesia
 p - a scroll of magic mapping
 s - a scroll of recharging {unknown}
 t - a scroll of enchant weapon {unknown}
 w - a scroll of teleportation {unknown}
 A - a scroll of random uselessness {unknown}
 G - a scroll of identify
Potions
 f - a potion of ambrosia {unknown}
 i - a potion of resistance {unknown}
 j - a potion of mutation {unknown}
 k - 3 potions of curing
 r - a potion of lignification {unknown}
 v - a potion of cancellation {unknown}
 x - 3 potions of haste {unknown}
 z - a potion of flight {unknown}
 C - a potion of degeneration {unknown}
Books
 b - a book of Spatial Translocations

   Spells                             Type                      Level
   a - Apportation                    Translocation                1
   b - Blink                          Translocation                2
   c - Shroud of Golubria             Charms/Translocation         2
   d - Portal Projectile              Translocation                3
   e - Teleport Other                 Translocation                3
   f - Passage of Golubria            Translocation                4
Comestibles
 e - 4 bread rations
 u - a slice of pizza
 E - 12 chunks of flesh


   Skills:
 + Level 4.7 Fighting
 - Level 2.3(3.6) Short Blades
 + Level 4.2(4.5) Long Blades
 + Level 2.0 Polearms
 - Level 0.8 Throwing
 + Level 4.2 Dodging
 - Level 3.0 Stealth
 + Level 4.0 Spellcasting
 + Level 5.0 Translocations
 + Level 2.1 Invocations


You had 8 spell levels left.
You knew the following spells:

 Your Spells              Type           Power        Failure   Level  Hunger
a - Teleport Other        Tloc           ###.....     4%          3    ###....
b - Blink                 Tloc           N/A          1%          2    ##.....
c - Shroud of Golubria    Chrm/Tloc      #.........   4%          2    ##.....


Dungeon Overview and Level Annotations

Branches:
Dungeon (6/15)             Temple (1/1) D:5

Altars:
Dithmenos
Elyvilon
Fedhas
Gozag
Nemelex Xobeh
Okawaru
Qazlal
Ru
Sif Muna
Trog
Vehumet
Xom
Yredelemnul
Zin
The Shining One

Annotations:
D:2 Sigmund
D:5 Duvessa


Innate Abilities, Weirdness & Mutations

You can breathe wild blasts of lightning.
Your glossy black scales are hard (AC +6).
Your body does not fit into most forms of armour.
You are resistant to electric shocks.
You are cold-blooded and may be slowed by cold attacks.


Message History

* * * LOW HITPOINT WARNING * * *
Use which ability? (? or * to list)
Aiming: Upheaval
Press: ? - help, Dir - move target cursor, f - Duvessa
Aim: Duvessa, wielding a short sword, wearing a chain mail and carrying a wand of flame {zapped: 12} (moderately wounded, fast) Magma suddenly erupts from the ground!
The blast of magma engulfs Duvessa.
Duvessa is severely wounded.
The blast of magma engulfs Dowan.
You kill Dowan!
Qazlal accepts your kill.
Duvessa screams in rage.
Duvessa goes berserk!
Your Translocations skill increases to level 5!
Casting: Blink
Confirm with . or Enter, or press ? or * to list all spells.
You blink.
Duvessa hits you with a short sword!
* * * LOW HITPOINT WARNING * * *
Duvessa hits you with a short sword!
You die...

..# ####.#### #.......#
############# #.# #.#...#.#
...#........# #.# ####.##.##.##
##.#.######.####.####....##......
#.#.# #...........<...#####.##
#...# #.####..#........####.##
#.### #.# #.###............##
##.## #.# #>.#........#.#####
....# #.# #)@§.......##.##...
###.# #.# ###e###...###.##(##
#.######### #§# ##### #......
#.#.......# #.# #......
#.#.>.#.>.# #.#########.##.#.
#.#.......# ##.#.......#.##...
#.######### #....#####.....##.
#....# #.#.....##.....##. ######
#...#...##.)...##.


You could see Duvessa (berserk).

Vanquished Creatures
  Grinder (D:6)
  An orc warrior (D:6)
  A phantom (D:4)
  An ogre (D:5)
  An ice beast (D:5)
  2 centaurs (D:5)
  2 giant frogs
  A scorpion (D:5)
  Dowan (D:5)
  3 hounds
  An iguana (D:5)
  2 giant frog skeletons (D:5)
  A centaur skeleton (D:6)
  A statue (D:5)
  2 worker ants
  A worker ant zombie (D:5)
  3 hound zombies
  Robin (D:1)
  4 adders
  An ooze (D:5)
  An adder zombie (D:5)
  4 worms
  10 orcs
  2 ball pythons
  3 bats
  6 giant cockroaches
  13 hobgoblins
  10 jackals
  5 kobolds
  4 quokkas
  3 giant geckos
  3 giant newts
  8 goblins
  6 rats
109 creatures vanquished.

Notes
Turn   | Place    | Note
--------------------------------------------------------------
     0 | D:1      | MikeDS the Draconian Warper began the quest for the Orb.
     0 | D:1      | Reached XP level 1. HP: 17/17 MP: 3/3
   495 | D:1      | Reached XP level 2. HP: 24/24 MP: 5/5
   504 | D:1      | Learned a level 2 spell: Blink
   507 | D:1      | Learned a level 2 spell: Shroud of Golubria
   762 | D:2      | Noticed Robin
  1033 | D:1      | Killed Robin
  1033 | D:1      | Reached XP level 3. HP: 25/30 MP: 4/6
  1111 | D:2      | Reached skill level 1 in Stealth
  1358 | D:2      | Found a faded altar to an unknown god.
  1382 | D:2      | Found a stormy altar of Qazlal.
  1382 | D:2      | Noticed a water elemental
  1390 | D:2      | Noticed a fire elemental
  1393 | D:2      | Noticed an air elemental
  1393 | D:2      | Noticed an earth elemental
  1411 | D:2      | Became a worshipper of Qazlal Stormbringer
  1604 | D:2      | Noticed Sigmund
  1692 | D:3      | Reached XP level 4. HP: 33/37 MP: 7/7
  2296 | D:3      | Found a sparkling altar of Nemelex Xobeh.
  2315 | D:3      | Acquired Qazlal's first power
  2561 | D:4      | Reached XP level 5. HP: 31/42 MP: 3/8
  2664 | D:4      | Reached skill level 1 in Short Blades
  2920 | D:4      | Noticed a phantom
  2983 | D:4      | Killed a phantom
  3298 | D:4      | Reached XP level 6. HP: 51/51 MP: 10/10
  3557 | D:4      | Learned a level 3 spell: Teleport Other
  3925 | D:5      | Entered Level 5 of the Dungeon
  4243 | D:5      | Reached skill level 4 in Translocations
  4243 | D:5      | Your scales start taking on a glossy black colour.
  4243 | D:5      | Gained mutation: You are resistant to electric shocks. [Black Draconian growth]
  4243 | D:5      | Reached XP level 7. HP: 43/58 MP: 8/12
  4544 | D:5      | Acquired Qazlal's second power
  4757 | D:5      | Found a radiant altar of Vehumet.
  4832 | D:5      | Got a shimmering trident
  4833 | D:5      | Identified the +7 trident "Kaesam" {flame, Str+2} (You found it on level 5 of the Dungeon)
  4974 | D:5      | Found a staircase to the Ecumenical Temple.
  4979 | Temple   | Entered the Ecumenical Temple
  5065 | D:6      | Got a slimy hat
  5067 | D:6      | Noticed Grinder
  5071 | D:6      | Noticed Dowan
  5112 | D:5      | Identified the -2 hat "Lueni" {rElec SInv} (You found it on level 6 of the Dungeon)
  5206 | D:6      | Killed Grinder
  5206 | D:6      | Reached skill level 1 in Polearms
  5206 | D:6      | Reached skill level 1 in Invocations
  5206 | D:6      | Reached XP level 8. HP: 23/67 MP: 13/13
  5449 | D:6      | Noticed Duvessa
  5528 | D:5      | Killed Dowan
  5528 | D:5      | Reached skill level 5 in Translocations
  5529 | D:5      | Slain by Duvessa

Vault maps used:
D:1:      minmay_arrival_checkered_box, kennysheep_nondescript, hex_large
D:2:      nicolae_qazlal_style_of_elements, ecumenical_altar_1, first_bread,
          uniq_sigmund, uniq_robin
D:3:      nemelex_xobeh_ov_fountains_minmay
D:5:      vehumet_statue, minmay_temple_entry_from_below_a
D:6:      sigmund_army, uniq_grinder, uniq_duvessa
Temple:   minmay_freezing_vapour_temple_12

Action                   |  1- 3 |  4- 6 |  7- 9 || total
-------------------------+-------+-------+-------++-------
Melee: Falchion          |   104 |       |       ||   104
       Short sword       |    53 |   202 |    75 ||   330
       Trident           |       |       |    47 ||    47
Throw: Tomahawk          |       |     1 |       ||     1
 Cast: Shroud of Golubri |     8 |    10 |     4 ||    22
       Blink             |     1 |       |     2 ||     3
Invok: Upheaval          |       |       |     1 ||     1
  Use: Scroll            |     3 |     4 |     4 ||    11
       Potion            |       |       |     1 ||     1
  Eat: Chunk             |     3 |     5 |     1 ||     9
       Beef jerky        |       |     1 |       ||     1
       Meat ration       |       |     1 |       ||     1
       Bread ration      |       |       |     1 ||     1
